 Dungeon Crawl Stone Soup version 0.31-b1-18-g61460d1e46 (webtiles) character file.

Game seed: 2823316979362708922

319 Arctor the Vexing (level 6, -1/47 HPs)
             Began as a Gnoll Hexslinger on Jan 17, 2024.
             Incinerated by a bombardier beetle (4 damage)
             ... with a burning spray
             ... on level 4 of the Dungeon.
             The game lasted 00:02:49 (1869 turns).

Arctor the Vexing (Gnoll Hexslinger)                Turns: 1869, Time: 00:02:49

Health: -1/47      AC:  4    Str:  7    XL:     6   Next: 45%
Magic:  11/11      EV: 14    Int: 18    God:
Gold:   109        SH:  0    Dex: 17    Spells: 5/12 levels left

rFire   . . .        a - +1 sling
rCold   . . .        (no shield)
rNeg    . . .        c - +0 robe
rPois   .            e - +0 helmet
rElec   .            (no cloak)
rCorr   .            l - +0 pair of gloves
SInv    .            (no boots)
Will    .....        (no amulet)
Stlth   +            f - +6 ring of intelligence
HPRegen 0.27/turn    (no ring)
MPRegen 0.12/turn

%: no passive effects
@: on fire, glowing
A: fangs 1, strong nose, distributed training
a: no special abilities


You were on level 4 of the Dungeon.
You visited 1 branch of the dungeon, and saw 4 of its levels.

You collected 109 gold pieces.

Inventory:

Hand Weapons
 a - a +1 sling (weapon)
Armour
 c - a +0 robe (worn)
 e - a +0 helmet (worn)
 l - a +0 pair of gloves (worn)
Jewellery
 f - a +6 ring of intelligence (left hand)
Talismans
 h - a storm talisman
Scrolls
 b - a scroll of poison
 i - 3 scrolls of teleportation
 k - a scroll of fog {unknown}
 m - 2 scrolls of identify
Potions
 d - a potion of curing {unknown}
 g - a potion of brilliance {unknown}
 j - 2 potions of heal wounds {unknown}


   Skills:
 + Level 3.3 Fighting
 + Level 2.0 Short Blades
 + Level 2.0 Long Blades
 + Level 2.0 Axes
 + Level 2.0 Maces & Flails
 + Level 2.0 Polearms
 + Level 2.0 Staves
 + Level 5.0 Ranged Weapons
 + Level 2.0 Throwing
 + Level 2.0 Armour
 + Level 5.0 Dodging
 + Level 2.0 Stealth
 + Level 2.0 Shields
 + Level 2.0 Unarmed Combat
 + Level 3.5 Spellcasting
 + Level 1.6 Conjurations
 + Level 5.7 Hexes
 + Level 1.6 Summonings
 + Level 1.6 Necromancy
 + Level 1.6 Translocations
 + Level 2.7 Fire Magic
 + Level 1.6 Ice Magic
 + Level 1.6 Air Magic
 + Level 1.6 Earth Magic
 + Level 1.6 Alchemy
 + Level 2.2 Invocations
 + Level 2.0 Evocations
 + Level 1.8 Shapeshifting


You had 5 spell levels left.
You knew the following spells:

 Your Spells              Type           Power      Damage    Failure   Level
a - Jinxbite              Hex            46%        N/A       2%          2
b - Blink                 Tloc           18%        N/A       12%         2
c - Inner Flame           Hex/Fire       18%        N/A       9%          3

Your spell library contained the following spells:

 Spells                   Type           Power      Damage    Failure   Level
 Sigil of Binding         Hex            23%        N/A       4%          3
 Lesser Beckoning         Tloc           18%        N/A       12%         2
 Momentum Strike          Conj/Tloc      18%        3d8       12%         2
 Cause Fear               Hex            11%        N/A       14%         4
 Stone Arrow              Conj/Erth      18%        3d8       24%         3
 Dimensional Bullseye     Hex/Tloc       8%         N/A       34%         4
 Animate Armour           Summ/Erth      18%        N/A       61%         4
 Lehudib's Crystal Spear  Conj/Erth      4%         10d3      100%        8


Dungeon Overview and Level Annotations

Branches:
Dungeon (4/15)
 Temple: D:4-7

Altars:


Innate Abilities, Weirdness & Mutations

You have very sharp teeth.
Your uncanny sense of smell can sniff out nearby items.
Your experience applies equally to all skills.


Message History

You are on fire!
No target in view!
No target in view!
You are on fire!
You are on fire!
You shake off some of the fire as you move.
The liquid fire burns you!
A quokka comes into view.
You shoot a sling bullet. The sling bullet hits the quokka.
The quokka is severely wounded.
The liquid fire burns you!
You shoot a sling bullet. The sling bullet hits the quokka!
You kill the quokka!
The liquid fire burns you!
You are too injured to fight recklessly!
You are too injured to fight recklessly!
You are on fire!
You are on fire!
You are on fire!
You are too injured to fight recklessly!
You are on fire!
You are on fire!
You are on fire!
You shake off some of the fire as you move.
The liquid fire burns you!
* * * LOW HITPOINT WARNING * * *
You shake off some of the fire as you move.
The liquid fire burns you!
* * * LOW HITPOINT WARNING * * *
You shake off some of the fire as you move.
The liquid fire burns you!
* * * LOW HITPOINT WARNING * * *
You shake off some of the fire as you move.
The liquid fire burns you!
* * * LOW HITPOINT WARNING * * *
You are on fire!
Okay, then.
You shake off some of the fire as you move.
The liquid fire burns you!
You die...

#...#.#... #####.(.#..... .#
#.........[... . .#
#............. .# .#
###......?...#. .######.#
.......$.....#..###..^..#
.............#..........#
#..###.####..#.##.†....#
#........@....##..[...###
#######.#####...#.....)...#.
.....#..###...........<#....
............#......##....###
..............).......####
.......########.#..#.)####
...).## #.#.###....### .....
#...# ####...# ..... ##..##
#####


There were no monsters in sight!

Vanquished Creatures
  Sigmund (D:3)
  A bombardier beetle (D:4)
  Jessica (D:3)
  An iguana (D:4)
  2 adders (D:3)
  A dart slug (D:1)
  2 ribbon worms (D:2)
  An orc (D:3)
  3 bats
  3 endoplasms
  3 giant cockroaches
  5 goblins
  6 hobgoblins
  2 jackals (D:1)
  2 quokkas
  3 ball pythons
  5 frilled lizards (D:1)
  5 kobolds
  7 rats
54 creatures vanquished.

Notes
Turn   | Place    | Note
-------+----------+-------------------------------------------
     0 | D:1      | Arctor the Gnoll Hexslinger began the quest for the Orb.
     0 | D:1      | Reached XP level 1. HP: 17/17 MP: 4/4
   124 | D:1      | Reached XP level 2. HP: 21/23 MP: 5/5
   604 | D:1      | Reached XP level 3. HP: 23/28 MP: 7/7
   810 | D:1      | Found a faded altar of an unknown god.
   914 | D:2      | Reached skill level 1 in Invocations
  1108 | D:2      | Reached skill level 1 in Short Blades
  1108 | D:2      | Reached skill level 1 in Long Blades
  1108 | D:2      | Reached skill level 1 in Axes
  1108 | D:2      | Reached skill level 1 in Maces & Flails
  1108 | D:2      | Reached skill level 1 in Polearms
  1108 | D:2      | Reached skill level 1 in Staves
  1108 | D:2      | Reached skill level 1 in Throwing
  1108 | D:2      | Reached skill level 1 in Armour
  1108 | D:2      | Reached skill level 1 in Stealth
  1108 | D:2      | Reached skill level 1 in Shields
  1108 | D:2      | Reached skill level 1 in Unarmed Combat
  1108 | D:2      | Reached skill level 1 in Evocations
  1214 | D:2      | Learned a level 2 spell: Jinxbite
  1217 | D:2      | Learned a level 2 spell: Blink
  1221 | D:2      | Learned a level 3 spell: Inner Flame
  1267 | D:3      | Reached skill level 1 in Shapeshifting
  1267 | D:3      | Reached XP level 4. HP: 33/34 MP: 4/8
  1380 | D:3      | Noticed Sigmund
  1393 | D:3      | Killed Sigmund
  1394 | D:3      | Reached skill level 1 in Conjurations
  1394 | D:3      | Reached skill level 1 in Summonings
  1394 | D:3      | Reached skill level 1 in Necromancy
  1394 | D:3      | Reached skill level 1 in Translocations
  1394 | D:3      | Reached skill level 1 in Ice Magic
  1394 | D:3      | Reached skill level 1 in Air Magic
  1394 | D:3      | Reached skill level 1 in Earth Magic
  1394 | D:3      | Reached skill level 1 in Alchemy
  1394 | D:3      | Reached XP level 5. HP: 26/41 MP: 7/10
  1394 | D:3      | Reached XP level 6. HP: 30/47 MP: 7/11
  1645 | D:3      | Noticed Jessica
  1649 | D:3      | Killed Jessica
  1808 | D:4      | Reached skill level 5 in Ranged Weapons
  1808 | D:4      | Reached skill level 5 in Dodging
  1869 | D:4      | Incinerated by a bombardier beetle

Illustrated notes

Levels and vault maps discovered:
D:1:      shiori_arrival_oz, layout_loops_corners,
          hellmonk_ecumenical_altar_inner_sanctum,
          hangedman_abyss_or_decor_stabs, chequers_serial_rivers_large_a,
          minmay_crystal_room
D:2:      layout_basic, serial_shops, nicolae_shop_tiny_glass,
          kennysheep_generic_room_11
D:3:      layout_basic, hangedman_decor_opposing, uniq_sigmund, uniq_jessica
D:4:      layout_rooms, gammafunk_temple_overflow_wave, uniq_edmund

Skill      XL: |  1  2  3  4  5  6 |
---------------+-------------------+-----
Fire Magic     | 2 |  2.7
Invocations    | 1 2 |  2.2
Short Blades   | 1 2 |  2.0
Long Blades    | 1 2 |  2.0
Axes           | 1 2 |  2.0
Maces & Flails | 1 2 |  2.0
Polearms       | 1 2 |  2.0
Staves         | 1 2 |  2.0
Throwing       | 1 2 |  2.0
Armour         | 1 2 |  2.0
Stealth        | 1 2 |  2.0
Shields        | 1 2 |  2.0
Unarmed Combat | 1 2 |  2.0
Evocations     | 1 2 |  2.0
Shapeshifting  | 1 |  1.8
Spellcasting   | 3 |  3.5
Fighting       | 3 |  3.3
Conjurations   | 1 |  1.6
Summonings     | 1 |  1.6
Necromancy     | 1 |  1.6
Translocations | 1 |  1.6
Ice Magic      | 1 |  1.6
Air Magic      | 1 |  1.6
Earth Magic    | 1 |  1.6
Alchemy        | 1 |  1.6
Ranged Weapons | 5 |  5.0
Dodging        | 5 |  5.0
Hexes          | |  5.7

Action                     |  1- 3 |  4- 6 || total
---------------------------+-------+-------++-------
   Fire: Sling             |   112 |    42 ||   154
   Cast: Jinxbite          |     2 |     2 ||     4
    Use: Scroll            |     1 |     1 ||     2
         Potion            |       |     1 ||     1
 Armour: Robe              |    27 |     3 ||    30
  Dodge: Dodged            |    25 |     4 ||    29
